 Dungeon Crawl Stone Soup version 0.24.0-29-g8ce449bc06 (webtiles) character file.

Game seed: 17501176240138129689, levelgen mode: deterministic

18 Emblim88 the Shooter (level 2, 0/23 HPs)
             Began as a Centaur Arcane Marksman on Nov 14, 2019.
             Slain by a jackal (1 damage)
             ... on level 1 of the Dungeon.
             The game lasted 00:00:50 (597 turns).

Emblim88 the Shooter (Centaur Arcane Marksman)       Turns: 597, Time: 00:00:50

Health: 0/23       AC:  4    Str: 12    XL:     2   Next: 48%
Magic:  3/3        EV: 10    Int: 12    God:
Gold:   51         SH:  0    Dex:  9    Spells: 2/3 levels left

rFire    . . .     SeeInvis .   a - +0 shortbow
rCold    . . .     Gourm    .   (shield currently unavailable)
rNeg     . . .     Faith    .   e - +0 robe
rPois    .         Spirit   .   (no helmet)
rElec    .         Reflect  .   (no cloak)
rCorr    .         Harm     .   (no gloves)
MR       .....                  (no barding)
Stlth    +.........             (no amulet)
HPRegen  0.07/turn              (no ring)
MPRegen  0.08/turn              (no ring)

@: very quick
A: large, hooves 3, deformed body, speed 2, tough skin 3
a: no special abilities


You were on level 1 of the Dungeon.
You were not hungry.

You visited 1 branch of the dungeon, and saw 1 of its levels.

You collected 51 gold pieces.

Inventory:

Hand Weapons
 a - a +0 shortbow (weapon)
Armour
 e - a +0 robe (worn)
Scrolls
 b - a scroll of remove curse {unknown}
 c - a scroll of enchant weapon {unknown}
 g - a scroll of teleportation {unknown}
 h - a scroll of noise {unknown}
Comestibles
 f - a ration


   Skills:
 + Level 1.4 Fighting
 * Level 3.5 Bows
 + Level 1.6 Dodging
 - Level 1.0 Spellcasting
 - Level 2.6 Hexes


You had 2 spell levels left.
You knew the following spells:

 Your Spells              Type           Power        Failure   Level  Hunger
a - Corona                Hex            #......      10%         1    ##.....

Your spell library contained the following spells:

 Spells                   Type           Power        Failure   Level  Hunger
 Slow                     Hex            #.......     16%         2    ###....
 Inner Flame              Hex/Fire       #.......     45%         3    ####...
 Portal Projectile        Hex/Tloc       #.....       45%         3    ####...
 Cause Fear               Hex            #.........   69%         4    #####..
 Leda's Liquefaction      Hex/Erth       #.........   86%         4    #####..


Dungeon Overview and Level Annotations

Branches:
Dungeon (1/15)

Altars:


Innate Abilities, Weirdness & Mutations

You have hooves in place of feet.
Armour fits poorly on your strangely shaped body.
You cover ground very quickly.
You have extremely tough skin. (AC +3)


Message History

You shoot an arrow. The arrow barely misses the jackal.
The jackal bites you but does no damage.
Firing (i - inventory)
d - an arrow (quivered)
Press: ? - help, Shift-Dir - straight line, f/p - jackal
Aim: a jackal (heavily wounded)
You shoot an arrow. The arrow barely misses the jackal.
The jackal bites you.
* * * LOW HITPOINT WARNING * * *
The jackal bites you but does no damage.
Firing (i - inventory) No suitable missiles.
Press: ? - help, Shift-Dir - straight line, f/p - jackal
Aim: a jackal (heavily wounded)
Okay, then.
Firing (i - inventory) No suitable missiles.
Press: ? - help, Shift-Dir - straight line, f/p - jackal
Aim: a jackal (heavily wounded)
Okay, then.
The jackal bites you.
* * * LOW HITPOINT WARNING * * *
The jackal bites you.
You die...

.....# #.#.###.##### ####.#
#.#.# #........ #
#.#####.#.###.####### #
#.......#.#.....# #
###..####.#.....#### #
#................# #
##.####.......##(# # #.#
#...##.h.##.# ### #.#
##.###@####.#####.. ..## #.#
#.###.# #......(. ...####.#
#.....# #(.(###.. ........#
#.#.### ##..# ######### #.#.#
#.[#####... #..# #.#.#
#.......... ##.#######.#.#
###)######..
#.....[......######...##
#.########.........###.#####..


You could see a jackal.

Vanquished Creatures
  A leopard gecko (D:1)
  A giant cockroach (D:1)
  2 goblins (D:1)
  A hobgoblin (D:1)
  A jackal (D:1)
  3 kobolds (D:1)
  4 bats (D:1)
  A rat (D:1)
14 creatures vanquished.

Notes
Turn   | Place    | Note
-------+----------+-------------------------------------------
     0 | D:1      | Emblim88 the Centaur Arcane Marksman began the quest for
                  | the Orb.
     0 | D:1      | Reached XP level 1. HP: 16/16 MP: 2/2
   121 | D:1      | Reached skill level 3 in Bows
   286 | D:1      | Reached XP level 2. HP: 23/23 MP: 3/3
   592 | D:1      | HP: 1/23 [jackal (3)]
   597 | D:1      | Slain by a jackal

Levels and vault maps discovered:
D:1:      minmay_arrival_cross, layout_loops_ring

Skill      XL: |  1 |
---------------+----+-----
Bows           | 3 |  3.5
Fighting       | |  1.4
Dodging        | |  1.6
Spellcasting   | |  1.0
Hexes          | |  2.6

Action                   || total
-------------------------++-------
 Fire: Shortbow          ||    66
  Use: Potion            ||     1
Armor: Robe              ||    25
Dodge: Dodged            ||    23
